Map: Prion Terraces

Players

IlIlIlIlIlIl - Winner!

  • Race: Protoss Protoss
  • League: Diamond

Chris (MCanning)

  • Race: Protoss Protoss
  • League: Master

VOD

Have the link to the VOD?

Description

Time

  • Played on: Nov. 13, 2015, 1:21 a.m.
  • Length: 11:33
Show
View Real Time Build Order
Export as new Build Order

IlIlIlIlIlIl Protoss - Winner!

Build Orders: Nexus First, Blink Stalkers 

Get SALT Encoding   

  12  0:01  Probe (Chrono Boost)  
  13  0:12  Probe (Chrono Boost)  
  14  0:19  Pylon  
  14  0:22  Probe (Chrono Boost)  
  15  0:38  Probe (Chrono Boost)  
  16  0:48  Probe (Chrono Boost)  
  17  0:58  Nexus  
  17  1:02  Probe (Chrono Boost)  
  18  1:11  Gateway  
  18  1:13  Probe (Chrono Boost)  
  19  1:22  Assimilator  
  19  1:24  Probe (Chrono Boost)  
  20  1:29  Assimilator  
  20  1:35  Probe (Chrono Boost)  
  20  1:36  Pylon  
  21  1:45  Probe (Chrono Boost)  
  22  1:54  Gateway  
  22  1:56  Probe (Chrono Boost)  
  23  2:01  Cybernetics Core  
  23  2:06  Probe (Chrono Boost)  
  24  2:11  Probe (Chrono Boost)  
  25  2:17  Probe (Chrono Boost)  
  25  2:22  Probe (Chrono Boost)  
  27  2:27  Probe (Chrono Boost)  
  28  2:36  Stalker (Chrono Boost)  
  29  2:38  Stalker (Chrono Boost), Probe (Chrono Boost)  
  29  2:40  Probe (Chrono Boost)  
  34  2:51  Probe (Chrono Boost)  
  35  2:55  Mothership Core (Chrono Boost), Warp Gate (Chrono Boost)  
  37  3:02  Twilight Council  
  37  3:03  Probe (Chrono Boost)  
  38  3:13  Probe (Chrono Boost)  
  38  3:14  Probe (Chrono Boost), Pylon  
  40  3:24  Probe (Chrono Boost)  
  40  3:25  Probe (Chrono Boost)  
  42  3:33  Gateway  
  42  3:35  Probe x2 (Chrono Boost)  
  42  3:38  Pylon  
  42  3:40  Robotics Facility  
  44  3:44  Probe (Chrono Boost)  
  44  3:46  Probe (Chrono Boost)  
  44  3:49  Blink (Chrono Boost)  
  44  3:54  Probe  
  44  3:58  Probe (Chrono Boost)  
  46  4:03  Gateway  
  46  4:06  Probe (Chrono Boost)  
  48  4:10  Probe (Chrono Boost)  
  48  4:14  Assimilator x2  
  48  4:16  Probe (Chrono Boost)  
  49  4:21  Probe, Forge  
  50  4:32  Gateway, Probe  
  50  4:34  Gateway  
  50  4:35  Observer (Chrono Boost)  
  52  4:51  Pylon  
  52  4:53  Probe x2  
  52  4:57  Robotics Bay  
  52  4:58  Warp Prism (Chrono Boost)  
  56  5:02  Stalker x3  
  62  5:08  Pylon  
  62  5:15  Stalker  
  64  5:25  Protoss Ground Weapons Level 1 (Chrono Boost)  
  64  5:27  Probe  
  65  5:33  Nexus  
  65  5:38  Stalker x2  
  69  5:44  Immortal, Pylon  
  73  5:58  Adept x2  
  77  6:05  Pylon  
  77  6:06  Pylon  
  77  6:12  Probe  
  77  6:14  Probe  
  77  6:17  Stalker x3  
  85  6:23  Photon Cannon  
  85  6:24  Disruptor  
  85  6:25  Probe  
  86  6:26  Probe  
  90  6:37  Probe  
  90  6:38  Probe  
  92  6:48  Probe  
  92  6:49  Probe  
  94  6:54  Probe  
  94  6:58  Stalker x4  
  94  6:59  Stalker x2  
  107  7:02  Probe  
  108  7:08  Robotics Facility  
  108  7:09  Disruptor  
  108  7:11  Gateway  
  108  7:12  Probe  
  112  7:18  Probe  
  112  7:20  Assimilator x2  
  113  7:26  Pylon  
  113  7:27  Pylon  
  111  7:41  Protoss Ground Weapons Level 2 (Chrono Boost)  
  111  7:42  Disruptor (Chrono Boost)  
  103  7:47  Stalker x3  
  103  7:48  Stalker x3  
  116  7:56  Gateway  
  116  7:57  Gateway  
  116  8:06  Disruptor (Chrono Boost)  
  116  8:12  Probe x2  
  121  8:13  Probe  
  121  8:14  Photon Cannon  
  122  8:26  Stalker x2  
  122  8:27  Stalker x3, Pylon  
  128  8:29  Pylon  
  132  8:43  Nexus  
  132  8:55  Disruptor (Chrono Boost)  
  135  8:56  Stalker x4  
  135  8:57  Stalker  
  135  8:59  Pylon  
  135  9:00  Dark Shrine  
  135  9:01  Pylon  
  145  9:03  Photon Cannon  
  145  9:06  Disruptor (Chrono Boost)  
  145  9:17  Stalker x3  
  145  9:23  Photon Cannon  
  151  9:25  Pylon  
  151  9:30  Stalker x3  
  157  9:35  Stargate  
  157  9:39  Disruptor (Chrono Boost)  
  160  9:56  Photon Cannon  
  160  9:57  Photon Cannon  
  160  10:06  Disruptor (Chrono Boost)  
  163  10:10  Disruptor (Chrono Boost)  
  163  10:12  Photon Cannon  
  166  10:15  Photon Cannon x2  
  166  10:17  Stalker x2  
  166  10:18  Stalker x2, Pylon  
  170  10:29  Assimilator  
  170  10:30  Assimilator  
  170  10:35  Stalker  
  170  10:36  Stalker x2  
  176  10:56  Stalker x5  
  162  11:26  Stalker  
  162  11:27  Stalker x6  
  162  11:28  Stalker  
Show
View Real Time Build Order
Export as new Build Order

Chris Protoss 

Build Orders: 1 Gate Expand, Blink Stalkers 

Get SALT Encoding   

  12  0:01  Probe (Chrono Boost)  
  13  0:12  Probe (Chrono Boost)  
  14  0:17  Pylon  
  14  0:23  Probe (Chrono Boost)  
  15  0:36  Probe (Chrono Boost)  
  15  0:41  Gateway  
  16  0:46  Probe (Chrono Boost)  
  18  0:57  Probe (Chrono Boost)  
  18  0:58  Assimilator  
  18  1:07  Probe (Chrono Boost)  
  19  1:20  Nexus  
  19  1:31  Cybernetics Core, Probe (Chrono Boost)  
  20  1:36  Assimilator  
  20  1:41  Probe (Chrono Boost)  
  21  1:47  Pylon  
  21  1:52  Probe (Chrono Boost)  
  22  2:02  Probe (Chrono Boost)  
  23  2:09  Adept (Chrono Boost)  
  23  2:14  Mothership Core  
  27  2:21  Warp Gate  
  27  2:32  Probe (Chrono Boost), Pylon  
  27  2:35  Probe (Chrono Boost)  
  29  2:43  Probe (Chrono Boost)  
  30  2:46  Probe (Chrono Boost)  
  31  2:51  Twilight Council  
  31  2:53  Probe (Chrono Boost)  
  31  2:56  Stalker, Probe (Chrono Boost)  
  35  3:04  Probe (Chrono Boost)  
  36  3:07  Probe (Chrono Boost)  
  37  3:14  Probe (Chrono Boost)  
  37  3:17  Probe (Chrono Boost)  
  39  3:24  Probe (Chrono Boost), Pylon  
  42  3:27  Sentry  
  42  3:28  Probe (Chrono Boost)  
  42  3:34  Probe  
  43  3:36  Blink (Chrono Boost)  
  43  3:40  Gateway  
  44  3:49  Probe  
  44  3:50  Gateway  
  44  3:53  Probe (Chrono Boost)  
  44  3:56  Pylon  
  44  4:02  Gateway  
  44  4:03  Probe (Chrono Boost)  
  45  4:12  Probe (Chrono Boost), Pylon  
  46  4:17  Robotics Facility  
  46  4:19  Probe (Chrono Boost)  
  47  4:25  Assimilator  
  47  4:29  Stalker, Assimilator  
  49  4:34  Probe (Chrono Boost)  
  50  4:40  Stalker  
  50  4:42  Probe (Chrono Boost)  
  50  4:43  Forge  
  53  4:47  Stalker  
  53  4:48  Probe  
  53  4:49  Pylon  
  56  4:53  Probe  
  56  4:54  Stalker  
  59  5:00  Stalker, Pylon  
  59  5:06  Observer (Chrono Boost)  
  62  5:10  Stalker x2  
  66  5:16  Protoss Ground Weapons Level 1 (Chrono Boost)  
  66  5:22  Stalker  
  66  5:27  Pylon  
  68  5:29  Immortal (Chrono Boost)  
  72  5:35  Pylon  
  72  5:44  Gateway  
  72  5:46  Gateway  
  72  6:01  Robotics Bay  
  72  6:03  Nexus  
  72  6:08  Probe  
  72  6:09  Pylon  
  73  6:15  Probe  
  74  6:21  Pylon  
  74  6:22  Zealot  
  74  6:25  Probe  
  77  6:26  Probe  
  78  6:37  Stalker x3, Probe  
  85  6:40  Stalker  
  85  6:52  Stalker  
  85  6:53  Stalker  
  88  6:54  Disruptor (Chrono Boost)  
  88  6:58  Probe  
  91  7:02  Pylon  
  91  7:06  Photon Cannon  
  91  7:12  Photon Cannon  
  91  7:14  Probe x2  
  92  7:15  Probe  
  94  7:25  Probe  
  94  7:26  Probe x2, Disruptor (Chrono Boost)  
  96  7:39  Stalker x4, Protoss Ground Weapons Level 2  
  101  7:49  Probe x2  
  103  7:53  Stalker, Disruptor (Chrono Boost)  
  103  7:54  Stalker  
  110  8:03  Probe  
  111  8:07  Dark Shrine  
  111  8:17  Probe  
  112  8:20  Assimilator  
  112  8:23  Disruptor, Photon Cannon  
  112  8:26  Assimilator  
  112  8:27  Zealot  
  112  8:28  Photon Cannon  
  112  8:29  Stalker x2  
  112  8:30  Stalker  
  123  8:37  Pylon  
  123  8:41  Probe  
  124  8:43  Stalker  
  124  8:47  Stalker  
  128  8:49  Probe  
  128  8:54  Disruptor  
  125  8:59  Probe  
  129  9:05  Stalker x3  
  129  9:07  Probe  
  136  9:13  Stalker x2  
  125  9:19  Probe  
  126  9:24  Dark Templar  
  126  9:26  Disruptor  
  126  9:30  Dark Templar  
  133  9:32  Probe  
  134  9:38  Stalker  
  134  9:39  Stalker  
  135  9:47  Nexus  
  135  9:48  Pylon  
  135  9:50  Probe, Pylon  
  136  9:56  Stalker  
  136  9:57  Stalker x2, Disruptor  
  140  10:09  Nexus  
  140  10:15  Probe  
  140  10:21  Stalker x4  
  143  10:22  Stalker  
  143  10:28  Disruptor  
  151  10:32  Pylon  
  151  10:34  Pylon  
  154  10:38  Probe  
  132  10:53  Stalker x2  
  132  10:54  Stalker x4  
  144  10:58  Photon Cannon  
  126  11:22  Photon Cannon  
  126  11:24  Photon Cannon  
  106  11:26  Stalker x3  
  106  11:27  Stalker x3  
Tags
 
Add a new tag
Caveats
  • Supply blocks, unpowered buildings, or Contaminate may cause inaccurate times.
  • Supply counts are checked every 10 seconds.